 Dungeon Crawl Stone Soup version 0.13.0-7-g3df9ff1 (webtiles) character file.

149 AndrewJacksonJihad the Slasher (level 3, 0/21 HPs)
             Began as a Tengu Death Knight on Oct 16, 2013.
             Was a Believer of Yredelemnul.
             Succumbed to Ijyb's poison
             ... on Level 2 of the Dungeon.
             The game lasted 00:06:18 (1659 turns).

AndrewJacksonJihad the Slasher (Tengu Death Knight) Turns: 1659, Time: 00:06:18

HP   0/21        AC  3     Str 19      XL: 3   Next: 72%
MP   6/6         EV 12     Int 11      God: Yredelemnul [**....]
Gold 101         SH  0     Dex 13      Spells:  0 memorised,  2 levels left

Res.Fire  : . . .   See Invis. : .   a - +1 falchion
Res.Cold  : . . .   Warding    : .   g - +0 robe
Life Prot.: . . .   Conserve   : .   (no shield)
Res.Poison: .       Res.Corr.  : .   (helmet restricted)
Res.Elec. : .       Clarity    : .   q - +0 cloak (curse)
Sust.Abil.: . .     Spirit.Shd : .   (no gloves)
Res.Mut.  : .       Stasis     : .   (boots unavailable)
Res.Rott. : .       Flight     : .   (no amulet)
Saprovore : . . .                    (no ring)
                                     (no ring)

@: mighty, mildly poisoned, hasted, very quick, not resistant to hostile
enchantments, unstealthy
A: beak, talons 3
a: Animate Remains, Recall Undead Slaves, Injury Mirror, Renounce Religion


You were on level 2 of the Dungeon.
You worshipped Yredelemnul.
Yredelemnul was pleased with you.
You were not hungry.

You visited 1 branch of the dungeon, and saw 2 of its levels.

You collected 81 gold pieces.

Inventory:

Hand weapons
 a - a +1,+1 falchion (weapon)
Armour
 g - a +0 robe (worn)
 q - a cursed +0 cloak (worn)
Comestibles
 c - a bread ration
 j - a pear
Scrolls
 b - a scroll of enchant weapon I {unknown}
 e - a scroll of identify {unknown}
 f - a scroll of blinking {unknown}
 k - a scroll of enchant weapon II {unknown}
 l - a scroll of noise {unknown}
 m - 3 scrolls of curse weapon {unknown}
 n - a scroll of random uselessness {unknown}
Potions
 p - a potion of heal wounds {unknown}
Magical staves
 o - an uncursed staff of cold


   Skills:
 + Level 2.6 Fighting
 * Level 3.3 Long Blades
 + Level 1.5 Armour
 - Level 1.1 Dodging
 + Level 2.6 Invocations


You had 2 spell levels left.
You didn't know any spells.

Dungeon Overview and Level Annotations

Branches:
Dungeon (2/27)

Altars:
Makhleb

Annotations:
D:2 Ijyb


Innate Abilities, Weirdness & Mutations

You have a beak for a mouth.
You have claws for feet.


Message History

You see here an orcish club.
* * * LOW HITPOINT WARNING * * *
You feel sick.
* * * LOW HITPOINT WARNING * * *
You feel sick.
* * * LOW HITPOINT WARNING * * *
You feel sick.
Drink which item? (? for menu, Esc to quit)
Magic courses through your body.
It was a potion of magic.
* * * LOW HITPOINT WARNING * * *
You feel sick.
Wield which item (- for none, * to show all)? (? for menu, Esc to quit)
Okay, then.
Drink which item? (? for menu, Esc to quit)
You feel very mighty all of a sudden.
It was a potion of might.
Drink which item? (? for menu, Esc to quit)
You feel yourself speed up.
It was a potion of speed.
You die...
Your body rises from the dead as a mindless zombie.

#### #.... #... . #..# ##.#
#####..# ..... ###########
#####...#..#......
#.....#...###...#...#..#......
#.........................._..
#.[........##@....#....#
###....#...z###........#
#.<..#....# ##......%# .
#..).##...# #.......####.##
####.###### ##.............
#.# ########)###....#...# #..
.....................
##.....#####.#...##.##### ...
#.#......####


There were no monsters in sight!

Vanquished Creatures
  A giant gecko (D:1)
  A ball python (D:1)
  A giant cockroach (D:1)
  5 hobgoblins (D:1)
  2 kobolds (D:1)
  5 bats
  2 giant newts (D:1)
  2 goblins (D:2)
  5 rats
24 creatures vanquished.

Vanquished Creatures (collateral kills)
  Jessica (D:1)
  A worm (D:2)
  A bat (D:1)
  A kobold (D:1)
  A giant newt (D:1)
  2 rats (D:1)
7 creatures vanquished.

Vanquished Creatures (others)
  A goblin zombie (D:2)
  A rat zombie (D:1)
2 creatures vanquished.

Grand Total: 33 creatures vanquished

Notes
Turn   | Place    | Note
--------------------------------------------------------------
     0 | D:1      | AndrewJacksonJihad, the Tengu Death Knight, began the quest for the Orb.
     0 | D:1      | Reached XP level 1. HP: 12/12 MP: 2/2
   232 | D:1      | Reached XP level 2. HP: 5/17 MP: 4/4
   775 | D:1      | Reached skill level 3 in Long Blades
  1127 | D:2      | Reached XP level 3. HP: 18/21 MP: 6/6
  1128 | D:2      | Noticed Jessica
  1223 | D:1      | Killed Jessica
  1515 | D:2      | Found a burning altar of Makhleb.
  1524 | D:2      | Acquired Yredelemnul's second power
  1634 | D:2      | Noticed Ijyb
  1657 | D:2      | HP: 1/21 [poisoned by Ijyb]
  1659 | D:2      | Succumbed to Ijyb's poison

Action                   || total
-------------------------++-------
Melee: Falchion          ||    68
Invok: Animate Remains   ||     9
  Use: Potion            ||     3
